 Dungeon Crawl Stone Soup version 0.28.0-53-g5a82cb258f (webtiles) character file.

Game seed: 2086081783626847628

15344 Plasmagod the Cleaver (level 12, 0/65 HPs)
             Began as a Vine Stalker Fighter on July 26, 2022.
             Was an Elder of the Shining One.
             Killed by divine providence
             ... invoked by a meliai
              (11 damage)
             ... on level 13 of the Dungeon.
             The game lasted 00:28:52 (10380 turns).

Plasmagod the Cleaver (Vine Stalker Fighter)       Turns: 10380, Time: 00:28:52

Health: 0/65       AC: 16    Str: 29    XL:     12   Next: 26%
Magic:  0/15       EV: 14    Int:  8    God:    the Shining One [****..]
Gold:   647        SH:  5    Dex: 15    Spells: 6/11 levels left

rFire   . . .      SeeInvis .   H - +3 hand axe
rCold   . . .      Faith    .   c - +0 buckler
rNeg    + + .      Spirit   +   P - +0 chain mail
rPois   .          Reflect  .   r - +0 hat
rElec   .          Harm     .   y - +0 cloak
rCorr   .          Rampage  .   x - +2 pair of gloves
Will    +....                   I - +0 pair of boots
Stlth   ..........              O - amulet of regeneration
HPRegen 1.80/turn               w - +6 ring of strength
MPRegen 0.14/turn               E - +4 ring of evasion

@: glowing, studying Translocations
A: fangs 3, regeneration 1, magic shield, antimagic bite, no potion heal 2
a: Renounce Religion, Divine Shield, Cleansing Flame


You were on level 13 of the Dungeon.
You worshipped the Shining One.
The Shining One was greatly pleased with you.
You visited 1 branch of the dungeon, and saw 13 of its levels.

You collected 772 gold pieces.
You spent 125 gold pieces at shops.

Inventory:

Hand Weapons
 C - a +1 mace of holy wrath
 H - a +3 hand axe (weapon)
Armour
 c - a +0 buckler (worn)
 r - a +0 hat (worn)
 x - a +2 pair of gloves (worn)
 y - a +0 cloak (worn)
 I - a +0 pair of boots (worn)
 P - a +0 chain mail (worn)
Jewellery
 d - a ring of positive energy
 s - a ring of wizardry
 t - a ring of see invisible
 u - an amulet of the acrobat
 w - a +6 ring of strength (left hand)
 E - a +4 ring of evasion (right hand)
 J - a +4 ring of protection
 K - a ring of magical power
 L - an amulet of magic regeneration
 O - an amulet of regeneration (around neck)
Wands
 b - a wand of iceblast (7)
 k - a wand of acid (15)
 z - a wand of polymorph (5)
 F - a wand of charming (4)
Scrolls
 i - 4 scrolls of identify
 j - 4 scrolls of fear
 p - a scroll of magic mapping
 q - a scroll of enchant weapon
 B - 6 scrolls of teleportation
 G - a scroll of vulnerability {unknown}
 N - a scroll of fog
Potions
 e - 6 potions of curing
 f - 3 potions of mutation {unknown}
 g - 5 potions of ambrosia
 h - 2 potions of haste
 l - 2 potions of magic {unknown}
 m - 6 potions of lignification {unknown}
 n - 2 potions of cancellation
 o - 2 potions of might
 v - a potion of invisibility
 A - 3 potions of flight {unknown}
 D - 3 potions of berserk rage {unknown}
 Q - 2 potions of attraction {unknown}


   Skills:
 + Level 8.7 Fighting
 + Level 11.0(11.1) Axes
 + Level 2.1(7.3) Maces & Flails
 + Level 7.8 Armour
 + Level 3.6 Dodging
 + Level 3.1 Stealth
 + Level 5.6 Shields
 * Level 5.9 Translocations
 * Level 2.9 Invocations


You had 6 spell levels left.
You knew the following spells:

 Your Spells              Type           Power      Damage    Failure   Level
a - Manifold Assault      Tloc           9%         N/A       99%         5

Your spell library contained the following spells:

 Spells                   Type           Power      Damage    Failure   Level
 Apportation              Tloc           18%        N/A       22%         1
 Blink                    Tloc           18%        N/A       32%         2
 Lesser Beckoning         Tloc           9%         N/A       54%         3
 Portal Projectile        Hex/Tloc       8%         N/A       92%         3
 Magic Dart               Conj           0%         1d3       94%         1
 Sandblast                Erth           0%         2d4       94%         1
 Passwall                 Tmut/Erth      0%         N/A       98%         2
 Searing Ray              Conj           0%         2d4       98%         2
 Call Canine Familiar     Summ           0%         N/A       100%        3
 Frozen Ramparts          Ice            0%         1d2       100%        3
 Stone Arrow              Conj/Erth      0%         3d7       100%        3
 Fulminant Prism          Conj/Hex       0%         3d6       100%        4
 Ice Form                 Ice/Tmut       0%         N/A       100%        4
 Leda's Liquefaction      Hex/Erth       0%         N/A       100%        4
 Summon Ice Beast         Ice/Summ       0%         N/A       100%        4
 Alistair's Intoxication  Tmut/Pois      0%         N/A       100%        5


Dungeon Overview and Level Annotations

Branches:
Dungeon (13/15)            Temple (0/1) D:5            Lair (0/6) D:8
    Orc (0/2) D:12
 Vaults: D:13-14

Altars:
Ashenzari
Cheibriados
Dithmenos
Elyvilon
Gozag
Trog
Uskayaw
Yredelemnul
Zin
The Shining One

Shops:
D:1 (   D:2 *   D:3 (   D:7 ?([*   D:9 *   D:11 =[[(!


Innate Abilities, Weirdness & Mutations

You have razor-sharp teeth.
Your natural rate of healing is unusually fast.
When hurt, damage is shared between your health and your magic reserves.
Your bite disrupts and absorbs the magic of your enemies.
Potions cannot restore your health.


Message History

A meliai comes into view. It is wielding a +0 war axe.
A meliai comes into view. It is wielding a +0 hand axe.
You hit the meliai. You bite the meliai! You drain its power.
The meliai is severely wounded.
The meliai completely misses you. The meliai closely misses you.
The meliai calls down the wrath of its god upon you.
Something smites you!
The meliai invokes the aid of its god against you.
Something smites you! The meliai completely misses you.
The meliai stings you but does no damage.
You hit the meliai. You bite the meliai, but do no damage.
The meliai is severely wounded.
The meliai hits you with a +0 war axe! The meliai completely misses you.
The meliai invokes the aid of its god against you.
Something smites you!
The meliai calls down the wrath of its god upon you.
Something smites you!
* * * LOW HITPOINT WARNING * * *
The meliai misses you. The meliai closely misses you.
The meliai calls down the wrath of its god upon you.
Something smites you!
* * * LOW HITPOINT WARNING * * *
You see here a +0 club.
Okay, then.
As you read the scroll of fog, it crumbles to dust.
The scroll dissolves into smoke.
The meliai barely misses you.
The meliai stings you but does no damage.
The meliai hits you with a +0 war axe!
* * * LOW HITPOINT WARNING * * *
The meliai closely misses you. The meliai hits you but does no damage.
The meliai stings you but does no damage.
The sentinel's mark upon you fades away.
The meliai hits you but does no damage. You block the meliai's attack.
The meliai hits you but does no damage. You block the meliai's attack.
The meliai closely misses you. The meliai barely misses you.
The meliai calls down the wrath of its god upon you.
Something smites you!
You die...

##≈≈≈≈≈#........#
##≈≈≈≈≈≈≈........#
#≈≈≈≈≈≈≈≈........#
#≈≈≈≈≈≈≈≈........#
##≈≈≈≈≈≈≈........#
##≈≈≈≈†########## #
##≈≈≈##
≈####≈####################
≈≈....sy§§§§§yy§@.......<#
≈≈≈#######################
≈≈≈≈# ≈≈≈≈≈# ≈≈≈≈≈# ≈≈≈≈##
≈≈≈## ≈≈≈#


You could see a meliai.

Vanquished Creatures
  A boulder beetle (D:12)
  A hydra (D:12)
  3 two-headed ogres
  A centaur warrior (D:9)
  A deep elf pyromancer (D:12)
  2 manticores
  A cyclops (D:11)
  An unseen horror (D:11)
  2 kobold demonologists (D:9)
  A komodo dragon (D:11)
  5 trolls
  Grinder (D:4)
  5 slime creatures (D:12)
  6 yaks (D:10)
  2 shadows (D:11)
  A vampire (D:12)
  A water elemental (D:13)
  Sigmund (D:3)
  A steam dragon (D:8)
  A basilisk (D:13)
  2 vampire mosquitoes (D:11)
  Menkaure (D:7)
  2 wargs (D:8)
  A water moccasin (D:8)
  3 orc warriors
  An ogre (D:7)
  8 centaurs
  7 bullfrogs
  2 kobold brigands
  Blork the orc (D:4)
  A wyvern zombie (D:7)
  2 gnoll sergeants
  2 scorpions
  2 water moccasin skeletons
  22 killer bees
  3 wights (D:9)
  7 howler monkeys
  2 centaur zombies
  4 orc priests
  3 hounds
  2 jellies
  A centaur skeleton (D:7)
  A scorpion zombie (D:5)
  2 iguanas
  11 orc wizards
  3 howler monkey zombies
  11 adders
  8 gnolls
  2 shadow imps (D:6)
  3 white imps
  A worm (D:4)
  The ghost of Lemuel the Shield-Bearer, a weakling MiFi (D:4)
  2 dart slugs (D:4)
  29 orcs
  12 ball pythons
  A bat (D:2)
  9 endoplasms
  5 giant cockroaches
  6 hobgoblins
  4 jackals
  10 kobolds
  6 quokkas
  7 frilled lizards
  16 goblins
  3 rats (D:1)
270 creatures vanquished.

Vanquished Creatures (others)
  A slime creature (D:12)
1 creature vanquished.

Grand Total: 271 creatures vanquished

Notes
Turn   | Place    | Note
-------+----------+-------------------------------------------
     0 | D:1      | Plasmagod the Vine Stalker Fighter began the quest for the
                  | Orb.
     0 | D:1      | Reached XP level 1. HP: 11/11 MP: 2/2
   309 | D:1      | Found Ibun's Weapon Shop.
   379 | D:1      | Reached XP level 2. HP: 16/16 MP: 3/3
   421 | D:1      | Reached skill level 2 in Axes
   799 | D:1      | Reached XP level 3. HP: 20/20 MP: 4/4
  1284 | D:2      | Gained mutation: Your natural rate of healing is unusually
                  | fast. [Vine Stalker growth]
  1284 | D:2      | Reached XP level 4. HP: 21/24 MP: 3/5
  1424 | D:2      | Found Comyty's Assorted Antiques.
  1485 | D:2      | Found a faded altar of an unknown god.
  1772 | D:2      | Found a glowing golden altar of the Shining One.
  1789 | D:2      | Became a worshipper of the Shining One
  2137 | D:3      | Reached XP level 5. HP: 26/28 MP: 6/6
  2427 | D:3      | Found an opulent altar of Gozag.
  2436 | D:3      | Found a snail-covered altar of Cheibriados.
  2551 | D:3      | Found Gex Nouz's Antique Weapon Emporium.
  2691 | D:3      | Noticed Sigmund
  2704 | D:3      | Killed Sigmund
  2705 | D:3      | Reached skill level 3 in Axes
  2705 | D:3      | Reached skill level 1 in Dodging
  2705 | D:3      | Reached XP level 6. HP: 11/33 MP: 5/7
  2847 | D:4      | Noticed Grinder
  2867 | D:4      | Killed Grinder
  2868 | D:4      | Reached skill level 4 in Axes
  2868 | D:4      | Reached XP level 7. HP: 31/37 MP: 5/8
  2962 | D:4      | Noticed Blork the orc
  2975 | D:4      | Killed Blork the orc
  3055 | D:4      | Found a runed translucent gate.
  3055 | D:4      | Found a runed translucent gate.
  3056 | D:4      | Found a runed translucent gate.
  3058 | D:4      | Found an opulent altar of Gozag.
  3060 | D:4      | Noticed Lemuel's ghost (weakling MiFi)
  3078 | D:4      | Killed Lemuel's ghost
  3171 | D:4      | Reached skill level 5 in Axes
  3279 | D:4      | Found a shadowy altar of Dithmenos.
  3413 | D:4      | Gained mutation: You have razor-sharp teeth. [Vine Stalker
                  | growth]
  3413 | D:4      | Reached XP level 8. HP: 40/42 MP: 9/9
  3625 | D:5      | Entered Level 5 of the Dungeon
  3733 | D:5      | Reached * piety under the Shining One
  3755 | D:5      | Found a bloodstained altar of Trog.
  3793 | D:5      | Found a staircase to the Ecumenical Temple.
  3799 | D:5      | Reached skill level 1 in Stealth
  3849 | D:5      | Reached skill level 5 in Fighting
  4369 | D:5      | Reached skill level 6 in Axes
  4586 | D:6      | Found a hide-covered altar of Uskayaw.
  4587 | D:6      | Found a broken altar of Ashenzari.
  5193 | D:7      | Reached XP level 9. HP: 30/47 MP: 5/10
  5245 | D:7      | Found Xooceity's Magic Scroll Shoppe.
  5268 | D:7      | Noticed Menkaure
  5278 | D:7      | Killed Menkaure
  5279 | D:7      | Reached skill level 7 in Axes
  5512 | D:7      | Reached ** piety under the Shining One
  5600 | D:7      | Reached skill level 5 in Armour
  5631 | D:7      | Found Zymp's Antique Armour Emporium.
  5660 | D:7      | Found Bamasih's General Store.
  5788 | D:7      | Found Lyostrula's Weapon Boutique.
  5933 | D:8      | Found a glowing silver altar of Zin.
  5979 | D:8      | Found a staircase to the Lair.
  5985 | D:8      | Reached skill level 8 in Axes
  6006 | D:8      | Reached XP level 10. HP: 17/55 MP: 8/11
  6725 | D:9      | Noticed a centaur warrior
  6730 | D:9      | Killed a centaur warrior
  6731 | D:9      | Reached skill level 1 in Maces & Flails
  7070 | D:9      | Noticed a kobold demonologist
  7083 | D:9      | Killed a kobold demonologist
  7086 | D:9      | Noticed a kobold demonologist
  7088 | D:9      | Reached skill level 9 in Axes
  7104 | D:9      | Killed a kobold demonologist
  7112 | D:9      | Reached *** piety under the Shining One
  7156 | D:9      | Learned a level 5 spell: Manifold Assault
  7303 | D:9      | Found Caruebb's Assorted Antiques.
  7308 | D:9      | Bought a tiny copper amulet for 125 gold pieces
  7509 | D:10     | Entered Level 10 of the Dungeon
  7605 | D:10     | Reached skill level 1 in Translocations
  7739 | D:10     | Reached XP level 11. HP: 60/60 MP: 12/12
  7748 | D:10     | Reached skill level 10 in Axes
  7936 | D:10     | Found a basalt altar of Yredelemnul.
  7998 | D:10     | Found a white marble altar of Elyvilon.
  8089 | D:11     | Reached skill level 5 in Shields
  8111 | D:11     | Found Wik Mepn's Jewellery Shoppe.
  8147 | D:11     | Found Haleman's Armour Boutique.
  8147 | D:11     | Noticed a two-headed ogre
  8157 | D:11     | Killed a two-headed ogre
  8305 | D:11     | Found Veatekk's Weapon Shoppe.
  8470 | D:11     | Found Ytuasif's Antique Armour Emporium.
  8511 | D:11     | Found Bom Viot's Distillery.
  8773 | D:11     | Identified the +2 robe of Wu Jian's Esteem {Harm rElec
                  | SInv}
  8973 | D:12     | Noticed a four-headed hydra
  9074 | D:12     | Noticed a two-headed ogre
  9082 | D:12     | Killed a two-headed ogre
  9168 | D:12     | Noticed a two-headed ogre
  9195 | D:12     | Killed a two-headed ogre
  9196 | D:12     | Reached skill level 1 in Invocations
  9314 | D:12     | Noticed a boulder beetle
  9355 | D:12     | Killed a boulder beetle
  9458 | D:12     | Noticed a cyclops
  9458 | D:12     | Reached **** piety under the Shining One
  9610 | D:12     | Noticed a deep elf pyromancer
  9615 | D:12     | Reached skill level 5 in Translocations
  9617 | D:12     | Reached XP level 12. HP: 9/65 MP: 6/14
  9747 | D:12     | Found a staircase to the Orcish Mines.
 10123 | D:12     | Killed a four-headed hydra
 10313 | D:13     | Reached skill level 11 in Axes
 10375 | D:13     | HP: 2/65 [meliai/+0 war axe (9)]
 10380 | D:13     | Killed from afar by a meliai

Illustrated notes

Levels and vault maps discovered:
D:1:      dpeg_arrival_arbitrary_b, layout_loops_ring, serial_shops,
          nicolae_shop_bloodbath_and_beyond
D:2:      layout_loops_cross, basic_altar, hellmonk_ecumenical_altar_blasted,
          serial_shops, nicolae_lakefront_shop
D:3:      layout_loops_ring, mainiacjoe_overflow_swirl, serial_shops,
          nicolae_shop_behind_doors, minmay_misc_feat_nine_boxes, uniq_sigmund
D:4:      minmay_skewed_foursquare, layout_basic,
          grunt_dithmenos_smoke_and_mirrors, ebering_ghost_gozag,
          uniq_blork_the_orc, uniq_grinder
D:5:      layout_basic, mainiacjoe_overflow_concentric_impassable,
          minmay_temple_entry_stoned_glass, minmay_manual_mares
D:6:      layout_loops_cross, chequers_temple_overflow_statue_of_worship
D:7:      layout_rooms, serial_shops, shop, kennysheep_mini_moat,
          nicolae_shop_window_shopping, nicolae_shop_window_shopping,
          uniq_menkaure
D:8:      layout_loops_ring, mainiacjoe_overflow_surrounded_room,
          erik_lair_orcish_takeover, enter_bailey_3, grunt_decor_clamped,
          nrook_uturn, minivault_24, supply_closet_lemuel
D:9:      layout_loops_ring, serial_shops, kennysheep_little_box
D:10:     layout_gridville, kennysheep_ying_yang
D:11:     layout_basic, serial_shops, shop, kennysheep_mini,
          nicolae_shop_crystal, nicolae_take_the_stairs, nicolae_diamond_shop
D:12:     layout_loops_ring, david_orc_2, chequers_serial_rivers_micro_c
D:13:     layout_basic

Skill      XL: |  1  2  3  4  5  6  7  8  9 10 11 12 |
---------------+-------------------------------------+-----
Axes           | 2 3 4 5 6 8 9 10 11 | 11.0
Fighting       | 3 4 5 7 8 |  8.7
Shields        | 3 4 5 |  5.6
Armour         | 3 4 5 6 7 |  7.8
Dodging        | 1 2 3 |  3.6
Stealth        | 1 2 3 |  3.1
Maces & Flails | 2 |  2.1
Translocations | 1 5 |  5.9
Invocations    | 2 |  2.9

Action                   |  1- 3 |  4- 6 |  7- 9 | 10-12 || total
-------------------------+-------+-------+-------+-------++-------
Melee: War axe           |    94 |    98 |   255 |     5 ||   452
       Bite              |    11 |    21 |    96 |   192 ||   320
       Hand axe          |       |       |       |   378 ||   378
       Mace              |       |       |       |    53 ||    53
  Use: Potion            |       |     1 |     1 |       ||     2
       Scroll            |       |       |    10 |     5 ||    15
Armor: Scale mail        |    49 |    38 |   103 |    86 ||   276
       Chain mail        |       |       |       |    61 ||    61
Dodge: Dodged            |    41 |    37 |   135 |   300 ||   513
Block: Buckler           |    25 |    23 |    54 |   136 ||   238
